 Dungeon Crawl Stone Soup version 0.22-a0-110-g5b255cf (webtiles) character file.

110068 Firecrotchwizard the Champion of Chaos (level 16, -34/152 HPs)
             Began as a Deep Dwarf Fighter on Jan 28, 2018.
             Was the Champion of Makhleb.
             Annihilated by a titanic slime creature (55 damage)
             ... on level 15 of the Dungeon.
             The game lasted 01:10:46 (22642 turns).

Firecrotchwizard the Champion of Chaos (DDFi)      Turns: 22642, Time: 01:10:46

Health: -34/152    AC: 24    Str: 20    XL:     16   Next: 6%
Magic:  7/7        EV: 16    Int: 11    God:    Makhleb [******]
Gold:   2188       SH:  0    Dex: 17    Spells: 15/15 levels left

rFire    + + .     SeeInvis +   Z - +8 great mace (flame)
rCold    . . .     Gourm    .   (shield currently unavailable)
rNeg     + . .     Faith    .   a - +0 fire dragon scales
rPois    .         Spirit   .   D - +2 helmet {SInv}
rElec    .         Reflect  .   s - scarf {cloud immunity}
rCorr    .         Harm     .   d - +1 pair of gloves
MR       ++...                  g - +0 pair of boots
Stlth    ..........             (no amulet)
HPRegen  0.00/turn              l - ring of protection from cold {rC+, !d}
MPRegen  0.10/turn              E - +5 ring of protection

@: non-regenerating
A: damage resistance, heal wounds, negative energy resistance 1, sense
surroundings 2, no regeneration
a: Heal Wounds, Minor Destruction, Lesser Servant of Makhleb, Major Destruction,
Greater Servant of Makhleb, Renounce Religion


You were on level 15 of the Dungeon.
You worshipped Makhleb.
Makhleb was exalted by your worship.
You were not hungry.

You visited 4 branches of the dungeon, and saw 24 of its levels.
You also visited: Ice Cave and Volcano.

You collected 2919 gold pieces.
You spent 731 gold pieces at shops.

Inventory:

Hand Weapons
 Z - a +8 great mace of flaming (weapon)
   (You found it in a volcano)
Missiles
 B - 3 throwing nets {=f, !d}
 K - 3 tomahawks of dispersal {=f}
Armour
 a - +0 fire dragon scales (worn)
   (You found it in a volcano)
 c - a +0 shield
 d - a +1 pair of gloves (worn)
   (You found it on level 8 of the Dungeon)
 g - a +0 pair of boots (worn)
   (You found it on level 5 of the Dungeon)
 s - a scarf of cloud immunity (worn)
   (You found it in an ice cave)
 D - a +2 helmet of see invisible (worn)
   (You found it in an ice cave)
 G - a +2 plate armour of fire resistance
   (You found it on level 8 of the Dungeon)
 Q - a +2 pair of boots
   (You found it on level 15 of the Dungeon)
Jewellery
 l - a ring of protection from cold (left hand) {rC+, !d}
   (You found it on level 2 of the Dungeon)
 u - an uncursed amulet of rage {+Rage, !d}
   (You found it on level 1 of the Lair of Beasts)
 y - an uncursed ring of see invisible {sInv, !d}
   (You found it on level 3 of the Dungeon)
 E - a +5 ring of protection (right hand)
   (You found it on level 13 of the Dungeon)
Wands
 b - a wand of iceblast (18)
   (You took it off Ijyb on level 5 of the Dungeon)
 M - a wand of acid (27)
   (You found it on level 10 of the Dungeon)
 P - a wand of digging (43)
   (You took it off Blork the orc on level 9 of the Dungeon)
 W - a wand of clouds (7)
   (You found it on level 11 of the Dungeon)
 X - a wand of scattershot (9)
   (You found it on level 1 of the Lair of Beasts)
 Y - a wand of disintegration (14) {@e1}
   (You found it on level 1 of the Lair of Beasts)
Scrolls
 m - 4 scrolls of amnesia
 p - 3 scrolls of magic mapping {!r}
 q - 4 scrolls of fear
 x - 10 scrolls of teleportation
 A - 10 scrolls of remove curse
 I - 2 scrolls of fog
 L - a scroll of acquirement {unknown}
 N - 5 scrolls of noise {!r}
 O - 5 scrolls of identify
 U - a scroll of holy word {!r}
Potions
 e - 10 potions of curing
 h - a potion of degeneration {unknown}
 i - 4 potions of cancellation
 j - 8 potions of flight {unknown}
 k - 3 potions of mutation {!q}
 n - 5 potions of ambrosia
 o - 4 potions of lignification {unknown}
 r - 2 potions of might
 t - 5 potions of agility
 v - a potion of magic {unknown}
 w - 5 potions of heal wounds {unknown}
 z - 3 potions of berserk rage {unknown}
 C - 2 potions of invisibility {unknown}
 F - 6 potions of brilliance
 T - 4 potions of haste {unknown}
 V - 2 potions of resistance {unknown}
Miscellaneous
 J - a box of beasts
 R - a lamp of fire
   (You found it on level 6 of the Lair of Beasts)
 S - a crystal ball of energy
   (You found it on level 6 of the Lair of Beasts)
Comestibles
 f - 31 rations {@e1}


   Skills:
 - Level 11.7 Fighting
 * Level 16.6 Maces & Flails
 - Level 10.1 Armour
 - Level 9.8 Dodging
 - Level 3.4 Shields
 - Level 17.0 Invocations
 + Level 10.8 Evocations


You had 15 spell levels left.
You didn't know any spells.

Dungeon Overview and Level Annotations

Branches:
Dungeon (15/15)            Temple (1/1) D:4            Lair (6/6) D:8
  Swamp (0/4) Lair:4       Spider (0/4) Lair:3        Slime (0/5) Lair:5
    Orc (2/2) D:11            Elf (0/3) Orc:2        Vaults (0/5) D:14
 Depths (0/5) D:15

Altars:
Cheibriados
Dithmenos
Fedhas
Gozag
Hepliaklqana
Kikubaaqudgha
Makhleb
Okawaru
Qazlal
Ru
Sif Muna
Vehumet
Wu Jian
Xom
Zin
Beogh
Jiyva

Shops:
D:11 [(}(   D:14 (   Orc:2 *(%!

Portals:
Trove: D:12 (give +3 storm dragon scales)

Annotations:
D:8 exclusion: ice statue
Lair:1 exclusion: 2 oklob plants
Orc:2 exclusion: 2 orc wizards


Innate Abilities, Weirdness & Mutations

You are resistant to damage.
You can heal yourself by infusing magical energy.
You resist negative energy. (rN+)
You passively map the area around you.
You do not regenerate.


Message History

The fire dragon tramples you but does no damage.
You hit the fire dragon but do no damage.
The fire dragon misses you.
The fire dragon claws you but does no damage.
The fire dragon tramples you.
You stumble backwards!
You take 3 damage, and have 83/152 hp.
You sock the fire dragon! You burn the fire dragon.
The fire dragon breathes flames at you. The blast of flame misses you.
You sock the fire dragon! The fire dragon misses you.
The fire dragon completely misses you.
The fire dragon tramples you but does no damage.
You bludgeon the fire dragon!! You burn the fire dragon.
The fire dragon changes into an entropy weaver!
You barely miss the entropy weaver.
The entropy weaver changes into a ghost moth!
You bludgeon the ghost moth!! You burn the ghost moth!
The ghost moth hits you but does no damage.
The ghost moth completely misses you. The ghost moth stings you.
You are poisoned.
The ghost moth poisons you!
You sock the ghost moth! You burn the ghost moth.
You feel very sick.
The ghost moth changes into a death yak!
You take 5 damage, and have 78/152 hp.
You flatten the death yak like a pancake!!!
You burn the death yak.
You kill the death yak!
Makhleb accepts your kill.
You feel better.
Your life force feels restored.
You feel very sick.
You regained 14 hp, and now have 92/152 hp.
You feel very sick.
You see here a glowing shapeshifter corpse.
You take 4 damage, and have 88/152 hp.
You start waiting.
You feel very sick. x6
You feel sick.
You feel very sick.
You feel sick. x4
You are no longer poisoned.
You take 31 damage, and have 57/152 hp.
MASSIVE DAMAGE!!
You feel much better.
You regained 26 hp, and now have 83/152 hp.
You feel much better.
You regained 27 hp, and now have 110/152 hp.
You see here a mace.
There is an open door here. 2 slime creatures come into view.
The slime creature quivers.
Two slime creatures merge to form a large slime creature.
A slime creature comes into view.
A slime creature comes into view.
The slime creature quivers. x2
Two slime creatures merge to form a very large slime creature.
Found a staircase to the Depths.
You bludgeon the very large slime creature!!
You burn the very large slime creature.
The slime creature moves out of view. 2 slime creatures come into view.
The slime creature quivers. x2
You sock the very large slime creature! You burn the very large slime creature.
The slime creature moves out of view.
You thump the very large slime creature!
You burn the very large slime creature.
A very large slime creature splits.
A slime creature suddenly becomes a large slime creature.
A slime creature suddenly becomes a very large slime creature.
You hit the very large slime creature but do no damage.
Your fire dragon scales prevents you from hitting the very large slime creature.
The slime creature barely misses you.
You thump the very large slime creature!
You burn the very large slime creature.
Two slime creatures merge to form a titanic slime creature.
The slime creature misses you.
You sock the titanic slime creature! You burn the titanic slime creature.
The slime creature hits you!
You take 8 damage, and have 102/152 hp.
You thump the titanic slime creature! You burn the titanic slime creature.
The slime creature hits you but does no damage.
The titanic slime creature completely misses you.
You sock the titanic slime creature! You burn the titanic slime creature.
The slime creature hits you. The titanic slime creature hits you!!!!
Ouch! That really hurt!
* * * LOW HITPOINT WARNING * * *
You take 81 damage, and have 21/152 hp.
MASSIVE DAMAGE!!
Your fire dragon scales prevents you from hitting the titanic slime creature.
The slime creature misses you.
You bludgeon the titanic slime creature!!
You burn the titanic slime creature!
The titanic slime creature completely misses you.
You sock the titanic slime creature! You burn the titanic slime creature.
The slime creature barely misses you. The titanic slime creature misses you.
You bludgeon the titanic slime creature!!
You burn the titanic slime creature!
The slime creature hits you but does no damage.
The titanic slime creature hits you!!!
You die...

#.# #......##...##......###...
#.# #####..#.....#............
#.#####....#.....####...######
#.......#####...## ##.##
#####.###.# ##.## #.######
#.##...# #..### #.##...##
#.##....###...# #.##.#..#
#.#>....JJ##..# #........ #.##
#@##.## ##.#..###. #..#
#.....###....## #. ##.##
#..#.##....### #.
#..##########..##.# #.
##...#?.......###.# ##
###...######## #(####### #####
#(()))).. #########


You could see a titanic slime creature and a slime creature.

Vanquished Creatures
  2 entropy weavers (Lair:4)
  A dire elephant (Lair:6)
  An ettin (D:11)
  3 vault guards (D:14)
  2 hydras
  4 centaur warriors
  2 catoblepae
  9 two-headed ogres
  A deep troll shaman (Lair:6)
  3 death yaks (Lair:6)
  2 tengu warriors
  A death yak (shapeshifter) (D:15)
  A queen ant (Lair:4)
  A death drake (shapeshifter) (D:15)
  2 skeletal warriors (D:14)
  4 unseen horrors
  3 wizards (D:14)
  4 orc knights
  Pikel (D:7)
  A necromancer (IceCv)
  19 ugly things
  A phantasmal warrior (D:11)
  An orb spider (shapeshifter) (D:15)
  A manticore (D:14)
  7 orc sorcerers (Orc:2)
  3 salamanders (Volcano)
  2 cyclopes
  12 elephants
  2 centaur zombies
  A guardian serpent (shapeshifter) (D:14)
  10 spiny frogs
  4 torpor snails
  10 black mambas
  3 gargoyles
  3 ice statues (IceCv)
  5 yaktaurs
  5 komodo dragons
  A freezing wraith (D:15)
  A kobold demonologist (D:12)
  9 ice devils
  2 efreet
  A rime drake (Lair:2)
  A troll (shapeshifter) (D:13)
  6 trolls
  5 polar bears
  14 blink frogs
  Grinder (D:5)
  A harpy skeleton (D:12)
  5 hornets
  12 hippogriffs
  20 flying skulls (D:14)
  13 spriggans
  2 wraiths
  20 yaks
  A vampire (D:10)
  6 wyverns
  15 humans (D:14)
  5 fire bats (Volcano)
  A redback (Lair:3)
  3 basilisks
  A hungry ghost (D:9)
  7 vampire mosquitoes
  An acid dragon (D:13)
  8 wargs
  19 soldier ants
  16 water moccasins
  29 orc warriors
  9 porcupines
  An ice beast (D:9)
  5 sky beasts
  3 black bears
  An eye of draining (D:13)
  A hornet zombie (D:9)
  A necrophage (D:9)
  A phantom (D:9)
  9 boggarts
  11 ogres
  22 wolves
  15 centaurs
  14 crocodiles
  3 big kobolds
  Blork the orc (D:9)
  16 bullfrogs
  A gnoll sergeant (D:9)
  2 wyvern skeletons
  3 scorpions (D:9)
  10 killer bees
  6 electric eels
  31 wights
  7 howler monkeys
  A crimson imp (D:15)
  A bullfrog zombie (D:10)
  4 hounds
  6 jellies
  2 quasits
  11 orc priests
  2 gnoll shamans
  41 orc wizards
  2 bullfrog skeletons
  Ijyb (D:5)
  27 worker ants
  2 troll simulacra (IceCv)
  A centaur simulacrum (IceCv)
  2 hound skeletons
  A worker ant zombie (D:5)
  11 adders
  10 gnolls
  A howler monkey skeleton (D:4)
  2 ogre simulacra (IceCv)
  5 naga simulacra (IceCv)
  2 shadow imps
  2 oozes
  2 adder skeletons
  An adder zombie (D:7)
  A dart slug (D:4)
  6 leopard geckos
  102 orcs
  7 bats
  4 giant cockroaches
  19 goblins
  11 hobgoblins
  11 jackals
  8 quokkas
  A ball python (D:2)
  15 frilled lizards
  A jackal skeleton (D:4)
  19 kobolds
  2 leopard gecko skeletons
  A leopard gecko zombie (D:5)
  7 rats
891 creatures vanquished.

Vanquished Creatures (collateral kills)
  Snorg (Lair:3)
  A fire dragon (Volcano)
  2 two-headed ogres
  A cyclops (Orc:1)
  2 yaktaurs (D:10)
  A hippogriff (Lair:3)
  2 fire bats (Volcano)
  6 yaks
  3 wyverns
  A warg (Orc:1)
  An ice beast (D:9)
  A bullfrog (D:10)
  An orc priest (Orc:1)
  2 orcs (Orc:1)
25 creatures vanquished.

Vanquished Creatures (others)
  2 wyverns (Volcano)
  2 slaves (D:7)
  A scorpion (D:7)
  An orc wizard (D:7)
  An iguana (D:13)
  2 orcs
  7 fungi
  18 plants
34 creatures vanquished.

Grand Total: 950 creatures vanquished

Notes
Turn   | Place    | Note
-------+----------+-------------------------------------------
     0 | D:1      | Firecrotchwizard the Deep Dwarf Fighter began the quest for the Orb.
     0 | D:1      | Reached XP level 1. HP: 20/20 MP: 1/1
    37 | D:1      | Reached XP level 2. HP: 22/27 MP: 2/2
   339 | D:1      | Reached skill level 3 in Maces & Flails
   358 | D:1      | Reached XP level 3. HP: 31/33 MP: 3/3
  1032 | D:1      | HP: 7/33 [orc priest/divine providence (7)]
  1033 | D:1      | Reached skill level 4 in Maces & Flails
  1033 | D:1      | Reached XP level 4. HP: 9/40 MP: 4/4
  1362 | D:2      | Reached XP level 5. HP: 48/48 MP: 3/3
  1492 | D:2      | Found a shadowy altar of Dithmenos.
  1607 | D:3      | Reached skill level 5 in Maces & Flails
  2354 | D:4      | Noticed an ogre
  2358 | D:4      | Killed an ogre
  2358 | D:4      | Reached skill level 6 in Maces & Flails
  2358 | D:4      | Reached XP level 6. HP: 52/55 MP: 4/4
  2572 | D:4      | Found a staircase to the Ecumenical Temple.
  2592 | Temple   | Entered the Ecumenical Temple
  2628 | Temple   | Became a worshipper of Makhleb the Destroyer
  2709 | D:4      | Reached skill level 7 in Maces & Flails
  2889 | D:4      | Reached XP level 7. HP: 24/61 MP: 5/5
  3085 | D:4      | Reached skill level 8 in Maces & Flails
  3343 | D:4      | Reached * piety under Makhleb
  3450 | D:4      | HP: 14/61 [ogre/giant spiked club (6)]
  3597 | D:5      | Entered Level 5 of the Dungeon
  3604 | D:5      | Reached skill level 9 in Maces & Flails
  3732 | D:5      | Reached XP level 8. HP: 68/68 MP: 4/4
  3776 | D:5      | Reached skill level 1 in Invocations
  3792 | D:5      | Noticed Ijyb
  3814 | D:5      | Killed Ijyb
  3935 | D:5      | Noticed Grinder
  3937 | D:5      | Killed Grinder
  3937 | D:5      | Reached skill level 10 in Maces & Flails
  3937 | D:5      | Reached skill level 3 in Invocations
  4136 | D:5      | Reached ** piety under Makhleb
  4515 | D:6      | Reached skill level 4 in Invocations
  4613 | D:6      | Reached skill level 5 in Invocations
  4630 | D:6      | Reached skill level 11 in Maces & Flails
  4630 | D:6      | Gained mutation: You passively map the area around you. [Deep Dwarf growth]
  4630 | D:6      | Reached XP level 9. HP: 74/74 MP: 7/7
  4745 | D:6      | HP: 10/74 [orc wizard/puff of flame (9)]
  4963 | D:6      | Found a snail-covered altar of Cheibriados.
  5102 | D:6      | Found a sacrificial altar of Ru.
  5105 | D:6      | Found a glowing silver altar of Zin.
  5108 | D:6      | Found an ancient bone altar of Kikubaaqudgha.
  5293 | D:7      | Found a shimmering altar of Xom.
  5297 | D:7      | Noticed Pikel
  5357 | D:7      | Killed Pikel
  5357 | D:7      | Reached skill level 6 in Invocations
  5764 | D:7      | Reached skill level 7 in Invocations
  5927 | D:8      | Noticed an ice devil
  5927 | D:8      | Noticed an ice devil
  5930 | D:8      | Noticed an ice statue
  5942 | D:8      | Noticed an ice devil
  5944 | D:8      | Noticed an ice devil
  6091 | D:8      | Reached skill level 12 in Maces & Flails
  6101 | D:8      | Noticed an ice devil
  6117 | D:8      | Reached *** piety under Makhleb
  6136 | D:8      | HP: 17/74 [ice devil (5)]
  6148 | D:8      | Killed an ice devil
  6186 | D:8      | HP: 14/74 [orc warrior/scimitar (8)]
  6192 | D:8      | Reached skill level 8 in Invocations
  6193 | D:8      | HP: 17/74 [orc warrior/long sword (3)]
  6211 | D:8      | HP: 11/74 [orc warrior/long sword (12)]
  6235 | D:8      | Found a staircase to the Lair.
  6320 | D:8      | Reached XP level 10. HP: 44/82 MP: 9/9
  6860 | D:9      | Reached **** piety under Makhleb
  6863 | D:9      | HP: 19/82 [orc warrior/halberd (12)]
  7012 | D:9      | Reached skill level 13 in Maces & Flails
  7025 | D:9      | Reached skill level 9 in Invocations
  7281 | D:9      | Noticed Blork the orc
  7323 | D:9      | Killed Blork the orc
  7860 | D:9      | Reached skill level 10 in Invocations
  8308 | D:10     | Entered Level 10 of the Dungeon
  8363 | D:10     | Reached skill level 14 in Maces & Flails
  8531 | D:10     | Reached ***** piety under Makhleb
  8800 | D:10     | Reached XP level 11. HP: 69/88 MP: 10/12
  8884 | D:10     | Noticed a red ugly thing
  8892 | D:10     | Killed a red ugly thing
  8892 | D:10     | Reached skill level 11 in Invocations
  8945 | D:10     | Reached skill level 3 in Fighting
  8947 | D:10     | Reached skill level 1 in Dodging
  9017 | D:10     | Noticed a two-headed ogre
  9028 | D:10     | Killed a two-headed ogre
  9028 | D:10     | Reached skill level 2 in Dodging
  9327 | Lair:1   | Entered Level 1 of the Lair of Beasts
  9389 | Lair:1   | Reached skill level 3 in Dodging
  9406 | Lair:1   | Reached skill level 4 in Fighting
  9797 | Lair:1   | Reached skill level 4 in Dodging
  9797 | Lair:1   | Reached skill level 12 in Invocations
  9863 | Lair:1   | Noticed an oklob plant
  9900 | Lair:1   | Reached skill level 5 in Fighting
  9971 | Lair:1   | Reached skill level 5 in Dodging
 10371 | Lair:1   | Noticed an oklob plant
 10501 | Lair:2   | Reached skill level 4 in Armour
 10501 | Lair:2   | Reached XP level 12. HP: 98/103 MP: 13/13
 10554 | Lair:2   | HP: 20/104 [blink frog (10)]
 10629 | Lair:2   | Reached skill level 6 in Fighting
 10657 | Lair:2   | Reached skill level 13 in Invocations
 10671 | Lair:2   | Found a dark tunnel.
 10734 | Volcano  | Entered a volcano
 10776 | Volcano  | Noticed a two-headed ogre
 10780 | Volcano  | Reached skill level 5 in Armour
 10780 | Volcano  | Killed a two-headed ogre
 10822 | Volcano  | Noticed a two-headed ogre
 10841 | Volcano  | Killed a two-headed ogre
 10842 | Volcano  | HP: 26/106 [salamander/enchanted glaive (8)]
 10866 | Volcano  | Noticed a two-headed ogre
 10866 | Volcano  | Reached skill level 6 in Armour
 10868 | Volcano  | HP: 26/106 [salamander/enchanted glaive (4)]
 10881 | Volcano  | Killed a two-headed ogre
 10946 | Volcano  | Reached skill level 7 in Fighting
 11048 | Volcano  | Noticed a fire dragon
 11068 | Volcano  | Noticed a two-headed ogre
 11068 | Volcano  | Killed a fire dragon
 11075 | Volcano  | Killed a two-headed ogre
 11441 | Lair:2   | Reached skill level 14 in Invocations
 11455 | Lair:2   | Reached skill level 6 in Dodging
 11512 | Lair:2   | Found a snail-covered altar of Cheibriados.
 12018 | Lair:3   | Found a frozen archway.
 12069 | IceCv    | Entered an ice cave
 12245 | IceCv    | Reached skill level 8 in Fighting
 12250 | IceCv    | Reached XP level 13. HP: 60/117 MP: 12/12
 12252 | IceCv    | Found the +7 lajatang of Order {silver, rMut}
 12280 | IceCv    | Reached skill level 7 in Dodging
 12774 | Lair:3   | Reached skill level 15 in Invocations
 12794 | Lair:3   | Reached skill level 8 in Dodging
 12828 | Lair:3   | Noticed Snorg
 12851 | Lair:3   | Killed Snorg
 12914 | Lair:3   | Found a hole to the Spider Nest.
 13196 | Lair:3   | Reached skill level 9 in Fighting
 13478 | Lair:4   | HP: 28/121 [spiny frog (11)]
 13479 | Lair:4   | HP: 10/121 [spiny frog (14)]
 13483 | Lair:4   | Noticed an entropy weaver
 13491 | Lair:4   | Noticed an entropy weaver
 13492 | Lair:4   | Killed an entropy weaver
 13492 | Lair:4   | Reached skill level 9 in Dodging
 13579 | Lair:4   | Reached ****** piety under Makhleb
 13639 | Lair:4   | Killed an entropy weaver
 13639 | Lair:4   | Reached skill level 16 in Invocations
 13900 | Lair:4   | Found a staircase to the Swamp.
 14218 | Lair:5   | Found a staircase to the Slime Pits.
 14218 | Lair:5   | Found a viscous altar of Jiyva.
 14316 | Lair:5   | Gained mutation: You resist negative energy. (rN+) [Deep Dwarf growth]
 14316 | Lair:5   | Reached XP level 14. HP: 129/130 MP: 9/9
 14335 | Lair:5   | Reached skill level 10 in Fighting
 14454 | Lair:5   | Reached skill level 7 in Armour
 14757 | Lair:5   | HP: 30/132 [poisoned by a black mamba]
 14935 | Lair:6   | Entered Level 6 of the Lair of Beasts
 15982 | Lair:6   | Reached skill level 8 in Armour
 16007 | Lair:6   | Reached skill level 17 in Invocations
 16567 | D:11     | Found Betann's Gadget Shoppe.
 16615 | D:11     | Found Vumimaz's Antique Armour Shoppe.
 16618 | D:11     | Found Serihesu's Weapon Shoppe.
 16708 | D:11     | Reached skill level 1 in Evocations
 16759 | D:11     | Found Woariada's Antique Weapon Shoppe.
 16869 | D:11     | Found a runed door.
 16897 | D:11     | Reached skill level 2 in Evocations
 16913 | D:11     | Reached skill level 11 in Fighting
 16913 | D:11     | Reached skill level 3 in Evocations
 16920 | D:11     | Got a shimmering glaive {speed}
 17027 | D:11     | Found a staircase to the Orcish Mines.
 17053 | D:11     | Found an ornate altar of the Wu Jian Council.
 17245 | Orc:1    | Entered Level 1 of the Orcish Mines
 17354 | Orc:1    | Reached skill level 9 in Armour
 17497 | Orc:1    | Reached skill level 4 in Evocations
 17705 | Orc:2    | Entered Level 2 of the Orcish Mines
 18036 | Orc:2    | Reached skill level 5 in Evocations
 18094 | Orc:2    | Found a staircase to the Elven Halls.
 18282 | Orc:2    | Found Bowkya Mifu's Antique Weapon Boutique.
 18323 | Orc:2    | Found Lyteg's Assorted Antiques.
 18342 | Orc:2    | Bought a scroll of enchant weapon for 255 gold pieces
 18443 | Orc:2    | Found Eskiuj's Food Shoppe.
 18474 | Orc:2    | Found Qyaps's Distillery.
 18709 | Orc:2    | Found a roughly hewn altar of Beogh.
 18741 | Orc:2    | Found a deep blue altar of Sif Muna.
 18857 | Orc:1    | Found a roughly hewn altar of Beogh.
 19088 | D:11     | Bought a wand of acid (13) for 476 gold pieces
 19179 | D:12     | Reached XP level 15. HP: 142/142 MP: 6/6
 19188 | D:12     | Reached skill level 6 in Evocations
 19248 | D:12     | Found a blossoming altar of Fedhas.
 19469 | D:12     | Reached skill level 10 in Armour
 19744 | D:12     | Found a portal to a secret trove of treasure.
 19992 | D:13     | Reached skill level 7 in Evocations
 20003 | D:13     | Found an iron altar of Okawaru.
 20543 | D:14     | Reached skill level 15 in Maces & Flails
 20644 | D:14     | Reached skill level 8 in Evocations
 20854 | D:14     | Found the +3 giant club "Skullcrusher" {speed, Str+7}
 21002 | D:14     | Reached skill level 9 in Evocations
 21266 | D:14     | Reached skill level 16 in Maces & Flails
 21311 | D:14     | Found a gate to the Vaults.
 21345 | D:14     | Found Qoinorea's Weapon Shoppe.
 21532 | D:15     | Entered Level 15 of the Dungeon
 21566 | D:15     | Reached skill level 10 in Evocations
 22060 | D:15     | Reached XP level 16. HP: 152/152 MP: 7/7
 22629 | D:15     | Found a staircase to the Depths.
 22638 | D:15     | HP: 21/152 [titanic slime creature (81)]
 22642 | D:15     | Annihilated by a titanic slime creature

Vault maps used:
D:1:      dpeg_arrival_radiant, minmay_lizard_king
D:2:      grunt_dithmenos_smoke_and_mirrors
D:3:      first_ration
D:4:      minmay_diamond_boxcup, minmay_temple_entry_statues_fountains,
          minmay_ogre_servants
D:5:      uniq_grinder, uniq_ijyb
D:6:      grunt_temple_overflow_cloverleaf
D:7:      basic_altar, hex_large, kennysheep_small_square, uniq_pikel
D:8:      cheibrodos_frozen_isle, grunt_lair_entry_orc_guard_hut, special_room,
          enter_bailey_4
D:9:      sword_in_stone
D:11:     orc_0_dummy, serial_shops, shop_fountains,
          nicolae_shop_overgrown_old_shop, shop, nicolae_shop_trees,
          basic_altar, the_bakery, minivault_13
D:12:     basic_altar, nicolae_trove_entry_crystal
D:13:     okawaru_ov_weapons_minmay
D:14:     grunt_vaults_entry_tiered, serial_shops, kennysheep_little_box,
          st_stairs_1, minmay_guarded_unrand_skullcrusher
D:15:     gammafunk_enter_depths_forms, minmay_misc_feat_secret_circle
Temple:   dpeg_five_rooms_temple
Lair:1:   grunt_megastairs_1, lemuel_fruit_tree, minmay_lair_oklob_chamber
Lair:2:   enter_volcano_4, nicolae_quartered_pool_super, serial_bayou_lagoon_a,
          kennysheep_snail_temple, grunt_megastairs_5
Lair:3:   kb_forest_paths, spider_nest_entry_webs,
          portal_ice_cave_demonic_guard, uniq_snorg
Lair:4:   minmay_swamp_entry_swarm, zaba_anthell, infiniplex_staircase_pool
Lair:5:   beast_lair_carwin_large_3, slime_altar_1, kennysheep_catoblepas_arena,
          serial_bayou_shore_a
Lair:6:   grunt_lair_end_beastmaster
Orc:1:    cheibrodos_orc_arena, basic_altar
Orc:2:    st_orc_town, nicolae_orc_flooded_monolith, led_sif_book
IceCv:    ice_cave_tombish
Volcano:  pf_volcano_lost_world

Skill      XL: |  1  2  3  4  5  6  7  8  9 10 11 12 13 14 15 |
---------------+----------------------------------------------+-----
Maces & Flails | 3 4 6 7 9 11 12 14 16 | 16.6
Invocations    | 5 8 10 12 14 16 17 | 17.0
Fighting       | 5 8 9 11 | 11.7
Dodging        | 5 6 9 |  9.8
Armour         | 4 6 9 10 | 10.1
Evocations     | 5 10 | 10.8
Shields        | |  3.4

Action                   |  1- 3 |  4- 6 |  7- 9 | 10-12 | 13-15 | 16-18 || total
-------------------------+-------+-------+-------+-------+-------+-------++-------
Melee: Flail             |   152 |   284 |   509 |   975 |       |       ||  1920
       Whip              |       |       |    45 |       |       |       ||    45
       Morningstar       |       |       |       |   167 |       |       ||   167
       Great mace        |       |       |       |    65 |  1632 |    82 ||  1779
Invok: Minor Destruction |       |       |     4 |     1 |       |       ||     5
       Lesser Servant of |       |       |       |     8 |     2 |       ||    10
       Major Destruction |       |       |       |     1 |     2 |       ||     3
       Greater Servant o |       |       |       |       |     2 |       ||     2
 Abil: Heal Wounds       |     2 |     5 |    16 |    32 |    21 |     2 ||    78
Evoke: Wand              |       |     5 |    12 |    20 |     5 |       ||    42
  Use: Scroll            |       |       |    14 |    13 |     9 |       ||    36
       Potion            |       |       |       |       |     1 |       ||     1
 Stab: Distracted        |       |       |       |       |     1 |       ||     1
  Eat: Chunk             |     1 |     6 |     5 |    19 |    26 |     2 ||    59
       Ration            |       |       |     2 |     4 |     2 |       ||     8
Armor: Scale mail        |    70 |    38 |       |       |       |       ||   108
       Chain mail        |       |   110 |   184 |   331 |       |       ||   625
       Plate armour      |       |       |     3 |   115 |    90 |       ||   208
       Fire dragon scale |       |       |       |    10 |   711 |    24 ||   745
Dodge: Dodged            |    38 |    54 |    93 |   235 |  1388 |    41 ||  1849
Block: Shield            |    84 |   142 |   218 |   435 |       |       ||   879

Table legend:
 A = Spawn XP
 B = Non-spawn XP
 C = Spawn XP percentage of total XP
 D = Spawn monster count
 E = Non-spawn monster count
 F = Spawn count percentage of total count
 G = Total turns spent on level
                    A         B        C        D         E        F      G
               +---------+---------+-------+---------+---------+-------+---------
         Total |       0 |  157241 |   0.0 |       0 |     916 |   0.0 | 22642
               +---------+---------+-------+---------+---------+-------+---------
           D:1 |       0 |     104 |   0.0 |       0 |      40 |   0.0 |   931
           D:2 |       0 |      94 |   0.0 |       0 |      20 |   0.0 |   652
           D:3 |       0 |      88 |   0.0 |       0 |      24 |   0.0 |   681
           D:4 |       0 |     965 |   0.0 |       0 |      46 |   0.0 |  1223
           D:5 |       0 |     784 |   0.0 |       0 |      20 |   0.0 |   802
           D:6 |       0 |    1206 |   0.0 |       0 |      24 |   0.0 |   864
           D:7 |       0 |     972 |   0.0 |       0 |      10 |   0.0 |   577
           D:8 |       0 |    2163 |   0.0 |       0 |      39 |   0.0 |  1042
           D:9 |       0 |    3196 |   0.0 |       0 |      43 |   0.0 |  1499
          D:10 |       0 |    5325 |   0.0 |       0 |      47 |   0.0 |  1032
          D:11 |       0 |    7289 |   0.0 |       0 |      20 |   0.0 |   801
          D:12 |       0 |    5913 |   0.0 |       0 |      29 |   0.0 |   699
          D:13 |       0 |    9469 |   0.0 |       0 |      37 |   0.0 |   688
          D:14 |       0 |   25157 |   0.0 |       0 |      79 |   0.0 |  1040
          D:15 |       0 |   15540 |   0.0 |       0 |      54 |   0.0 |  1110
        Lair:1 |       0 |    6296 |   0.0 |       0 |      25 |   0.0 |  1147
        Lair:2 |       0 |    6128 |   0.0 |       0 |      28 |   0.0 |  1011
        Lair:3 |       0 |   10821 |   0.0 |       0 |      39 |   0.0 |  1017
        Lair:4 |       0 |   12788 |   0.0 |       0 |      69 |   0.0 |   805
        Lair:5 |       0 |    9865 |   0.0 |       0 |      35 |   0.0 |   822
        Lair:6 |       0 |   10166 |   0.0 |       0 |      26 |   0.0 |  1427
         Orc:1 |       0 |    3503 |   0.0 |       0 |      39 |   0.0 |   617
         Orc:2 |       0 |    7694 |   0.0 |       0 |      78 |   0.0 |  1178
         IceCv |       0 |    4133 |   0.0 |       0 |      20 |   0.0 |   342
       Volcano |       0 |    7582 |   0.0 |       0 |      25 |   0.0 |   525
               +---------+---------+-------+---------+---------+-------+---------

Vault maps used:
D:1:      dpeg_arrival_radiant, minmay_lizard_king
D:2:      grunt_dithmenos_smoke_and_mirrors
D:3:      first_ration
D:4:      minmay_diamond_boxcup, minmay_temple_entry_statues_fountains,
          minmay_ogre_servants
D:5:      uniq_grinder, uniq_ijyb
D:6:      grunt_temple_overflow_cloverleaf
D:7:      basic_altar, hex_large, kennysheep_small_square, uniq_pikel
D:8:      cheibrodos_frozen_isle, grunt_lair_entry_orc_guard_hut, special_room,
          enter_bailey_4
D:9:      sword_in_stone
D:11:     orc_0_dummy, serial_shops, shop_fountains,
          nicolae_shop_overgrown_old_shop, shop, nicolae_shop_trees,
          basic_altar, the_bakery, minivault_13
D:12:     basic_altar, nicolae_trove_entry_crystal
D:13:     okawaru_ov_weapons_minmay
D:14:     grunt_vaults_entry_tiered, serial_shops, kennysheep_little_box,
          st_stairs_1, minmay_guarded_unrand_skullcrusher
D:15:     gammafunk_enter_depths_forms, minmay_misc_feat_secret_circle
Temple:   dpeg_five_rooms_temple
Lair:1:   grunt_megastairs_1, lemuel_fruit_tree, minmay_lair_oklob_chamber
Lair:2:   enter_volcano_4, nicolae_quartered_pool_super, serial_bayou_lagoon_a,
          kennysheep_snail_temple, grunt_megastairs_5
Lair:3:   kb_forest_paths, spider_nest_entry_webs,
          portal_ice_cave_demonic_guard, uniq_snorg
Lair:4:   minmay_swamp_entry_swarm, zaba_anthell, infiniplex_staircase_pool
Lair:5:   beast_lair_carwin_large_3, slime_altar_1, kennysheep_catoblepas_arena,
          serial_bayou_shore_a
Lair:6:   grunt_lair_end_beastmaster
Orc:1:    cheibrodos_orc_arena, basic_altar
Orc:2:    st_orc_town, nicolae_orc_flooded_monolith, led_sif_book
IceCv:    ice_cave_tombish
Volcano:  pf_volcano_lost_world

Table legend:
 A = Turns spent in this place as a percentage of turns spent in the entire game.
 B = Non-inter-level travel turns spent in this place as a percentage of non-inter-level travel turns spent in the entire game.
 C = Inter-level travel turns spent in this place as a percentage of turns spent in this place.
 D = Turns resting spent in this place as a percentage of non-inter-level travel turns spent in this place.
 E = Turns spent auto-exploring this place as a percentage of non-inter-level travel turns spent in this place.
 F = Non-inter-level travel turns spent in this place divided by the number of levels of this place that you've seen.
                   A       B       C       D       E      F
               +-------+-------+-------+-------+-------+----------------------
         Total | 100.0 | 100.0 |   4.3 |   9.6 |  57.7 | 833.0
       Dungeon |  60.2 |  60.5 |   3.9 |   8.2 |  60.3 | 873.7
        Temple |   0.5 |   0.3 |  40.0 |   0.0 |  90.9 |  66.0
          Lair |  27.5 |  27.8 |   3.5 |  11.5 |  56.9 | 1001.8
  Orcish Mines |   7.9 |   7.4 |  10.4 |   9.0 |  58.6 | 804.5
      Ice Cave |   1.5 |   1.6 |   0.0 |   0.0 |  40.6 | 342.0
       Volcano |   2.3 |   2.4 |   0.0 |  31.2 |   4.6 | 525.0
               +-------+-------+-------+-------+-------+----------------------

Table legend:
 A = Kills in this place as a percentage of kills in entire the game.
 B = Kills by you in this place as a percentage of kills by you in the entire game.
 C = Kills by friends in this place as a percentage of kills by friends in the entire game.
 D = Other kills in this place as a percentage of other kills in the entire game.
 E = Experience gained in this place as a percentage of experience gained in the entire game.
 F = Experience gained in this place divided by the number of levels of this place that you have seen.
                   A       B       C       D       E      F
               +-------+-------+-------+-------+-------+----------------------
         Total | 100.0 | 100.0 | 100.0 |   N/A | 100.0 | 6047.7
       Dungeon |  58.1 |  58.4 |  48.0 |   N/A |  49.8 | 5217.7
          Lair |  24.2 |  24.7 |   8.0 |   N/A |  35.7 | 9344.0
  Orcish Mines |  12.8 |  12.6 |  20.0 |   N/A |   7.1 | 5598.5
      Ice Cave |   2.2 |   2.2 |   0.0 |   N/A |   2.6 | 4133.0
       Volcano |   2.7 |   2.1 |  24.0 |   N/A |   4.8 | 7582.0
               +-------+-------+-------+-------+-------+----------------------
